 Dungeon Crawl Stone Soup version 0.28.0-47-ge53b351184 (webtiles) character file.

Game seed: 14953867623503901861

1063 bobregger the Basher (level 8, -1/78 HPs)
             Began as an Ogre Berserker on May 8, 2022.
             Was a Priest of Trog.
             Slain by an ufetubus (4 damage)
             ... in a sewer.
             The game lasted 00:07:49 (6280 turns).

bobregger the Basher (Ogre Berserker)               Turns: 6280, Time: 00:07:49

Health: -1/78      AC:  7    Str: 22    XL:     8   Next: 27%
Magic:  8/8        EV: 10    Int:  8    God:    Trog [***...]
Gold:   104        SH:  0    Dex: 10    Spells: 7/7 levels left

rFire   . . .      SeeInvis .   a - +1 mace
rCold   . . .      Faith    .   (no shield)
rNeg    . . .      Spirit   .   b - +1 animal skin
rPois   .          Reflect  .   (helmet restricted)
rElec   .          Harm     .   m - +2 cloak {rCorr}
rCorr   +          Rampage  .   (gloves unavailable)
Will    ++...                   (boots unavailable)
Stlth   +.........              (no amulet)
HPRegen 1.23/turn               (no ring)
MPRegen 0.11/turn               (no ring)

@: mighty, strong-willed, on berserk cooldown, regenerating, slowed, very slow
A: large, unfitting armour, tough skin 1, horns 1, MP-powered wands
a: Renounce Religion, Berserk, Trog's Hand


You were in a sewer.
You worshipped Trog.
Trog was most pleased with you.
You visited 1 branch of the dungeon, and saw 5 of its levels.
You also visited: Sewer.

You collected 104 gold pieces.

Inventory:

Hand Weapons
 a - a +1 mace (weapon)
Armour
 b - a +1 animal skin (worn)
 m - a +2 cloak of preservation (worn)
Potions
 j - a potion of degeneration
 l - a potion of attraction


   Skills:
 - Level 4.0 Fighting
 + Level 9.1 Maces & Flails
 - Level 2.6 Dodging


You had 7 spell levels left.
You didn't know any spells.
Your spell library was empty.

Dungeon Overview and Level Annotations

Branches:
Dungeon (5/15)              Sewer (1/1)
 Temple: D:4-7

Altars:
Elyvilon

Annotations:
Sewer Grinder


Innate Abilities, Weirdness & Mutations

You are too large for most types of armour.
You have tough skin. (AC +1)
You have a pair of small horns on your head.
You expend magic power (3 MP) to strengthen your wands.


Message History

* * * LOW HITPOINT WARNING * * *
The ufetubus closely misses you. Grinder hits you.
* * * LOW HITPOINT WARNING * * *
You writhe in agony.
* * * LOW HITPOINT WARNING * * *
The ufetubus hits you.
* * * LOW HITPOINT WARNING * * *
The ufetubus barely misses you. x2
The ufetubus hits you but does no damage.
Grinder gestures at you. You resist with almost no effort.
You sock Grinder!
Grinder is moderately wounded.
The ufetubus closely misses you. x3
The ufetubus hits you but does no damage.
Grinder blinks!
The ufetubus hits you but does no damage.
The ufetubus closely misses you. The ufetubus barely misses you.
The ufetubus hits you but does no damage.
The ufetubus hits you.
* * * LOW HITPOINT WARNING * * *
The ufetubus closely misses you.
The ufetubus hits you but does no damage. x2
The kobold closely misses you. Grinder gestures at you.
You resist with almost no effort. The ufetubus barely misses you.
The ufetubus hits you but does no damage.
The ufetubus hits you.
* * * LOW HITPOINT WARNING * * *
The ufetubus hits you.
* * * LOW HITPOINT WARNING * * *
The kobold hits you but does no damage. Grinder gestures at you.
You resist with almost no effort.
You're still recovering from your berserk rage.
Your skin crawls.
You feel strong-willed.
The kobold is no longer unusually resistant.
The ufetubus hits you.
You die...

#≈≈.#≈≈≈≈≈≈≈≈≈≈≈≈≈≈.'.K≈#
#≈≈.#≈≈≈≈≈≈≈≈≈≈≈≈≈≈.#.≈≈# ..≈#
#≈≈.#≈≈≈≈≈≈≈≈≈≈≈≈≈..#).≈# ..≈#
#≈..#≈≈≈≈≈≈≈≈≈≈≈≈≈≈.#))≈# ...≈#
#≈≈.#≈≈≈≈≈≈≈≈≈≈≈≈≈..#)≈≈# '''##
#≈).# ≈≈≈≈≈≈≈≈≈≈≈...#..≈# .....#
#≈≈.####≈#≈≈###≈#.####5###..§...
#≈≈)#..)........K.≈≈#...#.....§.
#≈≈...)...)....5@≈≈≈≈.5.).§._...
#≈≈.#..........5..≈≈#...#.....§.
##≈####≈##≈##≈###.####.###..§...
#.≈≈ ≈≈≈≈≈≈≈≈≈≈≈≈...#.≈≈# .....#
#≈.≈≈≈≈≈≈≈≈≈≈≈≈≈≈...#.≈≈# '''##
#≈≈.≈≈≈≈≈≈≈≈≈≈≈≈≈≈≈.#.≈≈# ...≈#
#≈≈≈≈≈≈≈≈≈≈≈≈≈≈≈≈≈..#.≈≈# ..≈#
#≈≈≈≈≈≈≈≈≈≈≈≈≈≈≈ ≈≈.#.≈≈# ..≈#
≈≈.+


You could see Grinder, 2 ufetubi and a kobold.

Vanquished Creatures
  A black bear (D:4)
  A sky beast (D:5)
  An ogre (D:4)
  2 kobold brigands (Sewer)
  A scorpion (D:5)
  2 jellies (D:4)
  A quasit (Sewer)
  An orc priest (D:4)
  A centaur skeleton (D:4)
  Ijyb (D:4)
  Terence (D:2)
  2 iguanas
  2 orc wizards
  Robin (D:2)
  4 gnolls
  5 adders
  3 shadow imps (Sewer)
  3 ufetubi (Sewer)
  An adder skeleton (D:4)
  2 adder zombies
  3 worms
  4 dart slugs
  16 orcs
  8 endoplasms
  5 giant cockroaches
  6 hobgoblins
  6 quokkas
  12 ball pythons
  14 bats
  3 frilled lizards
  13 goblins
  23 kobolds
  7 rats
156 creatures vanquished.

Vanquished Creatures (others)
  An endoplasm (Sewer)
  A kobold zombie (Sewer)
  2 plants (D:2)
4 creatures vanquished.

Grand Total: 160 creatures vanquished

Notes
Turn   | Place    | Note
-------+----------+-------------------------------------------
     0 | D:1      | bobregger the Ogre Berserker began the quest for the Orb.
     0 | D:1      | Reached XP level 1. HP: 24/24 MP: 1/1
    37 | D:1      | Reached skill level 3 in Maces & Flails
    59 | D:1      | Reached XP level 2. HP: 8/32 MP: 2/2
   854 | D:2      | Noticed Robin
   863 | D:2      | Reached XP level 3. HP: 39/39 MP: 3/3
   867 | D:2      | Killed Robin
   879 | D:2      | Reached skill level 4 in Maces & Flails
   882 | D:2      | Reached ** piety under Trog
  1361 | D:2      | Reached XP level 4. HP: 34/48 MP: 4/4
  1671 | D:2      | Noticed Terence
  1687 | D:2      | Killed Terence
  1958 | D:2      | Reached skill level 5 in Maces & Flails
  1958 | D:2      | Reached XP level 5. HP: 54/54 MP: 5/5
  2087 | D:2      | Found a white marble altar of Elyvilon.
  2235 | D:2      | Found a faded altar of an unknown god.
  4011 | D:3      | Reached XP level 6. HP: 14/62 MP: 6/6
  4272 | D:4      | Reached skill level 6 in Maces & Flails
  4425 | D:4      | Noticed Ijyb
  4453 | D:4      | Gained mutation: You have a pair of small horns on your
                  | head. [potion of mutation]
  4453 | D:4      | Gained mutation: You expend magic power (3 MP) to
                  | strengthen your wands. [potion of mutation]
  4469 | D:4      | Killed Ijyb
  4490 | D:4      | HP: 3/62 [ogre/+0 giant club (13)]
  4714 | D:4      | Noticed a black bear
  4766 | D:4      | Reached skill level 7 in Maces & Flails
  4766 | D:4      | Reached XP level 7. HP: 70/70 MP: 7/7
  5602 | D:5      | Entered Level 5 of the Dungeon
  5617 | D:5      | Reached skill level 8 in Maces & Flails
  5814 | D:5      | Found a glowing drain.
  5842 | Sewer    | Entered a sewer
  5844 | Sewer    | Reached *** piety under Trog
  5965 | Sewer    | Reached XP level 8. HP: 78/78 MP: 8/8
  6160 | Sewer    | Found a burning altar of Makhleb.
  6245 | Sewer    | Noticed Grinder
  6247 | Sewer    | Reached skill level 9 in Maces & Flails
  6279 | Sewer    | HP: 1/78 [ufetubus (4)]
  6280 | Sewer    | Slain by an ufetubus

Illustrated notes

Levels and vault maps discovered:
D:1:      wander_arrival_lonely_grave, layout_basic
D:2:      layout_basic, shapermc_ecumenical_altar_mp_ritualfount, basic_altar,
          uniq_terence, uniq_robin
D:3:      layout_basic, grunt_ministairs_4
D:4:      layout_basic, hex_intersection, grunt_ministairs_1, uniq_ijyb
D:5:      layout_layer_cave, cheibrodos_sewer_entry_sluice,
          corexii_checkpoint_b, roderic_serpentine_path
Sewer:    kennysheep_sewer_church

Skill      XL: |  1  2  3  4  5  6  7  8 |
---------------+-------------------------+-----
Maces & Flails | 3 4 5 7 8 9 |  9.1
Fighting       | |  4.0
Dodging        | |  2.6

Action                   |  1- 3 |  4- 6 |  7- 9 || total
-------------------------+-------+-------+-------++-------
Melee: Mace              |    96 |   208 |   181 ||   485
       Punch             |     2 |     5 |       ||     7
       Headbutt          |       |     4 |    26 ||    30
Invok: Berserk           |     2 |     6 |     5 ||    13
       Trog's Hand       |       |     1 |     2 ||     3
Evoke: Wand              |       |       |     1 ||     1
  Use: Potion            |       |     5 |     2 ||     7
       Scroll            |       |       |     9 ||     9
 Stab: Invisible         |       |     1 |       ||     1
       Sleeping          |       |       |     1 ||     1
Armor: Animal skin       |    38 |    91 |   197 ||   326
       Skin              |       |    15 |       ||    15
Dodge: Dodged            |    64 |   147 |   212 ||   423
